 Dungeon Crawl Stone Soup version 0.30-a0-726-gd89dcf765f (webtiles) character file.

Game seed: 13288891246480659857

28 M4edhros the Insei (level 3, -1/26 HPs)
             Began as an Octopode Monk on Jan 29, 2023.
             Slain by an orc
             ... wielding a +0 mace
              (4 damage)
             ... on level 3 of the Dungeon.
             The game lasted 00:00:35 (473 turns).

M4edhros the Insei (Octopode Monk)                   Turns: 473, Time: 00:00:35

Health: -1/26      AC:  1    Str: 10    XL:     3   Next: 14%
Magic:  3/3        EV: 14    Int: 12    God:
Gold:   71         SH:  0    Dex: 16    Spells: 2/2 levels left

rFire   . . .      SeeInvis .      - Unarmed
rCold   . . .      Faith    .    (no shield)
rNeg    . . .      Spirit   .    (helmet restricted)
rPois   .          Reflect  .    (no amulet)
rElec   .          Harm     .    (no ring)
rCorr   .          Rampage  .    (no ring)
Will    .....                    (no ring)
Stlth   +++                      (no ring)
HPRegen 0.24/turn                (no ring)
MPRegen 0.08/turn                (no ring)
                                 (no ring)
                                 (no ring)

@: no status effects
A: almost no armour, amphibious, 8 rings, camouflage 1, gelatinous body 1,
(nimble swimmer 1), tentacles
a: no special abilities


You were on level 3 of the Dungeon.
You visited 1 branch of the dungeon, and saw 3 of its levels.

You collected 71 gold pieces.

Inventory:

Scrolls
 b - a scroll of identify {unknown}
 c - a scroll of fear {unknown}
 d - a scroll of amnesia {unknown}
Potions
 a - a potion of ambrosia


   Skills:
 - Level 3.0 Fighting
 - Level 3.0 Dodging
 - Level 2.6 Stealth
 + Level 4.2 Unarmed Combat


You had 2 spell levels left.
You didn't know any spells.
Your spell library was empty.

Dungeon Overview and Level Annotations

Branches:
Dungeon (3/15)

Altars:
Ashenzari


Innate Abilities, Weirdness & Mutations

You cannot wear most types of armour.
You are amphibious.
You can wear up to eight rings at the same time.
Your skin changes colour to match your surroundings (Stealth+).
Your rubbery body absorbs attacks. (AC +1, EV +1)
((You are camouflaged when in or above water. (Stealth+)))
You have tentacles for arms and can constrict up to eight enemies at once.


Message History

Things that are here:
a +0 dagger; a goblin corpse 2 orcs come into view.
Found a leather armour.
There are monsters nearby!
An orc comes into view. It is wielding a +0 war axe.
Found a broken altar of Ashenzari.
The orc shouts! x2
The orc throws a boomerang.
The boomerang hits you.
The orc shouts!
Found a scroll labelled VUKEPI PUNO.
The orc hits you with a +0 whip.
You tentacle-slap the orc but do no damage.
Your grab misses the orc. The orc barely misses you.
You tentacle-slap the orc but do no damage.
Your grab misses the orc. Your squeeze misses the orc.
The orc hits you with a +0 whip.
A rat comes into view.
The orc barely misses you.
You barely miss the orc. You grab the orc. You constrict the orc.
The orc closely misses you. The orc misses you. The orc closely misses you.
You tentacle-slap the orc. x2; You squeeze the orc.
The orc is severely wounded.
You constrict the orc.
You kill the orc!
The orc hits you with a +0 whip. The orc hits you with a +0 mace.
You are too injured to fight recklessly!
You are too injured to fight recklessly!
You are too injured to fight recklessly!
You tentacle-slap the orc but do no damage.
You grab the orc. You constrict the orc. The orc hits you with a +0 whip.
* * * LOW HITPOINT WARNING * * *
The orc closely misses you.
You tentacle-slap the orc. You grab the orc.
The orc is severely wounded.
You constrict the orc, but do no damage.
You constrict the orc. The orc hits you with a +0 whip.
* * * LOW HITPOINT WARNING * * *
The orc hits you with a +0 mace.
You die...

#.#########.........)
#.# ################
#.# .... #.# ... #.
#.# .. ... #.# .# ..#
#.####.###.#.r.#.
...........)......
..........@o..#.
...........o......
..................
...........$......
..................
..................
.................
..........?.....


You could see 2 orcs and a rat.

Vanquished Creatures
  A dart slug (D:1)
  An orc (D:3)
  2 ball pythons (D:1)
  A bat (D:2)
  An endoplasm (D:1)
  A giant cockroach (D:1)
  2 goblins
  3 hobgoblins
  3 kobolds
  2 quokkas
  3 frilled lizards (D:1)
  3 rats
23 creatures vanquished.

Notes
Turn   | Place    | Note
-------+----------+-------------------------------------------
     0 | D:1      | M4edhros the Octopode Monk began the quest for the Orb.
     0 | D:1      | Reached XP level 1. HP: 16/16 MP: 1/1
   112 | D:1      | Reached XP level 2. HP: 20/21 MP: 2/2
   348 | D:2      | Reached skill level 4 in Unarmed Combat
   387 | D:2      | Reached XP level 3. HP: 18/26 MP: 3/3
   465 | D:3      | Found a broken altar of Ashenzari.
   473 | D:3      | Slain by an orc

Illustrated notes

Levels and vault maps discovered:
D:1:      tarquinn_simple_flora_water_a, layout_loops_ring
D:2:      layout_loops_ring, basic_altar
D:3:      layout_basic, mainiacjoe_overflow_tiny_flanked, uniq_terence

Skill      XL: |  1  2 |
---------------+-------+-----
Unarmed Combat | 4 |  4.2
Fighting       | |  3.0
Dodging        | |  3.0
Stealth        | |  2.6

Action                     || total
---------------------------++-------
  Melee: Unarmed           ||    46
         Constrict         ||    17
         Punch             ||     5
         Tentacles         ||     5
   Stab: Sleeping          ||     8
 Armour: Skin              ||     4
  Dodge: Dodged            ||    15

Table legend: (Time is in decaauts)
 A = Elapsed time spent in this place.
 B = Non-inter-level travel time spent in this place.
 C = Inter-level travel time spent in this place.
 D = Time resting spent in this place.
 E = Time spent auto-exploring this place.
 F = Levels seen in this place.
 G = Mean time per level.
                   A        B        C        D        E       F      G
               +--------+--------+--------+--------+--------+-----+--------+
         Total |    469 |    443 |     26 |      0 |    294 |   3 |  156.3 |
       Dungeon |    469 |    443 |     26 |      0 |    294 |   3 |  156.3 |
               +--------+--------+--------+--------+--------+-----+--------+

Top non-repeatable levels by time:
     D:1: 293 daAuts
     D:2: 102 daAuts
     D:3: 73 daAuts
